 Dungeon Crawl Stone Soup version 0.27-a0-1191-g601b473118 (webtiles) character file.

Game seed: 5822137164032911271

383 HoaS the Ruffian (level 6, -5/61 HPs)
             Began as a Troll Hunter on May 24, 2021.
             Was an Initiate of Okawaru.
             Slain by a wyvern (17 damage)
             ... on level 4 of the Dungeon.
             The game lasted 00:08:36 (2910 turns).

HoaS the Ruffian (Troll Hunter)                     Turns: 2910, Time: 00:08:36

Health: -5/61      AC:  4    Str: 21    XL:     6   Next: 47%
Magic:  6/6        EV: 14    Int:  7    God:    Okawaru [......]
Gold:   1241       SH:  5    Dex: 12    Spells: 5/5 levels left

rFire    . . .     SeeInvis .     - Unarmed
rCold    . . .     Faith    .   (no shield)
rNeg     + . .     Spirit   .   b - +0 robe
rPois    .         Reflect  +   (helmet restricted)
rElec    .         Harm     .   (no cloak)
rCorr    .         Rampage  .   (gloves unavailable)
Will     .....                  (boots unavailable)
Stlth    +.........             l - amulet "Wiseena" {Reflect rN+ SH+5}
HPRegen  1.20/turn              j - +4 ring of evasion
MPRegen  0.10/turn              (no ring)

@: no status effects
A: large, unfitting armour, claws 3, regeneration 1, shaggy fur 1, tough skin 1
a: Renounce Religion


You were on level 4 of the Dungeon.
You worshipped Okawaru.
Okawaru was noncommittal.
You visited 2 branches of the dungeon, and saw 5 of its levels.

You collected 1241 gold pieces.

Inventory:

Missiles
 c - 5 large rocks (quivered)
Armour
 b - a +0 robe (worn)
Jewellery
 g - a ring of ice
 j - a +4 ring of evasion (left claw)
 l - the amulet "Wiseena" (around neck) {Reflect rN+ SH+5}
   (You found it on level 4 of the Dungeon)

   [amulet of reflection]

   It reflects blocked missile attacks.
   It protects you from negative energy.
   It affects your SH (+5).
Wands
 n - a wand of digging (6)
Potions
 a - a potion of flight
 e - a potion of resistance {unknown}
 f - 2 potions of haste {unknown}
 h - a potion of degeneration {unknown}
 i - a potion of magic {unknown}
 k - 2 potions of heal wounds {unknown}
 m - a potion of cancellation {unknown}


   Skills:
 - Level 3.0 Fighting
 - Level 3.6 Throwing
 - Level 1.5 Dodging
 - Level 0.3 Stealth
 * Level 5.1 Unarmed Combat
 + Level 2.1 Invocations


You had 5 spell levels left.
You didn't know any spells.
Your spell library contained the following spells:

 Spells                   Type           Power      Damage    Failure   Level
 Animate Skeleton         Necr           0%         N/A       43%         1
 Magic Dart               Conj           0%         1d3       43%         1
 Pain                     Necr           0%         1d4       43%         1
 Searing Ray              Conj           0%         3d3       56%         2
 Dazzling Flash           Conj/Hex       0%         N/A       80%         3
 Vampiric Draining        Necr           0%         2d6       80%         3
 Animate Dead             Necr           0%         N/A       99%         4
 Fulminant Prism          Conj/Hex       0%         3d6       99%         4
 Iskenderun's Mystic Bla  Conj/Tloc      0%         2d3       99%         4
 Agony                    Necr           0%         N/A       100%        5


Dungeon Overview and Level Annotations

Branches:
Dungeon (4/15)             Temple (1/1) D:4

Altars:
Ashenzari
Cheibriados
Dithmenos
Elyvilon
Gozag
Hepliaklqana
Makhleb
Nemelex Xobeh
Okawaru
Ru
Trog
Uskayaw
Vehumet
Yredelemnul
Zin
The Shining One

Shops:
D:2 :


Innate Abilities, Weirdness & Mutations

You are too large for most types of armour.
You have claws for hands.
Your natural rate of healing is unusually fast.
You are covered in fur. (AC +1)
You have tough skin. (AC +1)


Message History

The hobgoblin hits you but does no damage.
You claw the hobgoblin!
You kill the hobgoblin!
Okawaru accepts your kill.
No target in view!
Found an escape hatch in the floor.
There is an escape hatch in the floor here.
An endoplasm comes into view.
Found an escape hatch in the ceiling.
An endoplasm is nearby!
The endoplasm quivers.
Found 17 gold pieces.
Found a stone staircase leading down.
A wyvern comes into view.
The wyvern hisses angrily.
You claw the endoplasm!
You kill the endoplasm!
Okawaru accepts your kill. The wyvern bites you. The wyvern bites you!
You closely miss the wyvern. You claw the wyvern!
The wyvern is moderately wounded.
The wyvern barely misses you.
You barely miss the wyvern.
The wyvern is moderately wounded.
The wyvern closely misses you.
You throw a throwing net.
The throwing net barely misses the wyvern.
The wyvern bites you!
Okay, then.
You barely miss the wyvern.
The wyvern is moderately wounded.
The wyvern bites you. x2
You barely miss the wyvern.
The wyvern is moderately wounded.
You block the wyvern's attack.
You claw the wyvern!
The wyvern is almost dead.
The wyvern bites you!!
* * * LOW HITPOINT WARNING * * *
The wyvern bites you!
You die...

##...# ####...
### #..>##
....... #
###..##
....... #
##..###
......#
##...##>.$..#
##........#
#........#
###........#
#.....@....#
....#####l..##
#### ....# #
...<.# #.
......# ...
.##.... ..# ##
#... #.(


You could see a wyvern.

Vanquished Creatures
  A black bear (D:4)
  Blork the orc (D:4)
  An iguana (D:4)
  Ijyb (D:4)
  An orc wizard (D:4)
  5 adders
  An adder skeleton (D:4)
  6 dart slugs
  4 orcs
  3 bats
  10 endoplasms
  3 giant cockroaches (D:2)
  10 goblins
  5 hobgoblins
  11 jackals
  A quokka (D:2)
  3 ball pythons
  8 frilled lizards
  6 kobolds
  5 rats (D:1)
86 creatures vanquished.

Notes
Turn   | Place    | Note
-------+----------+-------------------------------------------
     0 | D:1      | HoaS the Troll Hunter began the quest for the Orb.
     0 | D:1      | Reached XP level 1. HP: 19/19 MP: 0/0
   111 | D:1      | Reached skill level 1 in Unarmed Combat
   111 | D:1      | Reached XP level 2. HP: 28/28 MP: 1/1
   342 | D:1      | Reached XP level 3. HP: 35/35 MP: 2/2
   606 | D:2      | Reached skill level 2 in Unarmed Combat
   740 | D:2      | Found Apiy's Book Shop.
  1025 | D:2      | Reached XP level 4. HP: 43/44 MP: 3/3
  1334 | D:3      | Identified a scroll of acquirement
  1334 | D:3      | Acquired 1106 gold pieces
  1519 | D:3      | Found a faded altar of an unknown god.
  1566 | D:3      | Reached skill level 3 in Unarmed Combat
  2302 | D:4      | Found a staircase to the Ecumenical Temple.
  2320 | Temple   | Entered the Ecumenical Temple
  2516 | Temple   | Became a worshipper of Warmaster Okawaru
  2643 | D:4      | Reached XP level 5. HP: 31/53 MP: 4/4
  2678 | D:4      | Identified the amulet "Wiseena" {Reflect rN+ SH+5}
  2685 | D:4      | Noticed a black bear
  2692 | D:4      | Killed a black bear
  2693 | D:4      | Reached skill level 4 in Unarmed Combat
  2693 | D:4      | Reached skill level 1 in Invocations
  2707 | D:4      | Noticed Blork the orc
  2709 | D:4      | Killed Blork the orc
  2710 | D:4      | Reached XP level 6. HP: 61/61 MP: 6/6
  2848 | D:4      | Noticed Ijyb
  2853 | D:4      | Killed Ijyb
  2854 | D:4      | Reached skill level 5 in Unarmed Combat
  2902 | D:4      | Noticed a wyvern
  2910 | D:4      | Slain by a wyvern

Illustrated notes

Levels and vault maps discovered:
D:1:      dpeg_arrival_shrine, layout_rooms
D:2:      layout_basic, serial_shops, shop
D:3:      layout_loops_corners, hellmonk_ecumenical_altar_zigzags,
          minmay_misc_feat_x, chequers_jeans
D:4:      layout_layer_cave, chequers_temple_overflow_statue_of_worship,
          minmay_temple_entry_overgrown, hangedman_decor_peaks_small,
          minmay_misc_feat_tower, grunt_ministairs_10, uniq_blork_the_orc,
          uniq_ijyb
Temple:   eino_temple_scatter_basement

Skill      XL: |  1  2  3  4  5  6 |
---------------+-------------------+-----
Fighting       | 2 3 |  3.0
Unarmed Combat | 1 2 3 4 5 |  5.1
Invocations    | 1 2 |  2.1
Throwing       | |  3.6
Dodging        | |  1.5
Stealth        | |  0.3

Action                   |  1- 3 |  4- 6 || total
-------------------------+-------+-------++-------
Melee: Unarmed           |   116 |   112 ||   228
       Punch             |       |     3 ||     3
Throw: Throwing net      |       |     2 ||     2
       Large rock        |       |     1 ||     1
  Use: Scroll            |     4 |     5 ||     9
 Stab: Distracted        |     1 |       ||     1
       Sleeping          |       |     1 ||     1
Armor: Robe              |    43 |    19 ||    62
Dodge: Dodged            |    51 |    74 ||   125
Block: Other             |       |     5 ||     5

Table legend: (Time is in decaauts)
 A = Elapsed time spent in this place.
 B = Non-inter-level travel time spent in this place.
 C = Inter-level travel time spent in this place.
 D = Time resting spent in this place.
 E = Time spent auto-exploring this place.
 F = Levels seen in this place.
 G = Mean time per level.
                   A        B        C        D        E       F      G
               +--------+--------+--------+--------+--------+-----+--------+
         Total |   2898 |   2730 |    168 |     59 |   2076 |   5 |  579.6 |
       Dungeon |   2691 |   2556 |    135 |     59 |   1904 |   4 |  672.8 |
        Temple |    206 |    173 |     33 |      0 |    172 |   1 |  206.0 |
               +--------+--------+--------+--------+--------+-----+--------+

Top non-repeatable levels by time:
     D:3: 944 daAuts
     D:2: 772 daAuts
     D:1: 551 daAuts
     D:4: 422 daAuts
  Temple: 206 daAuts
